 Dungeon Crawl Stone Soup version 0.16.0-18-g484a79e (webtiles) character file.

408685 RobertPalmer the Slayer (level 23, -7/182 HPs)
             Began as an Octopode Summoner on Mar 21, 2015.
             Was the Champion of Cheibriados.
             Shot with a bolt by a yaktaur captain (39 damage)
             ... on level 5 of the Depths on Mar 22, 2015.
             The game lasted 04:12:28 (70247 turns).

RobertPalmer the Slayer (Octopode Summoner)        Turns: 70247, Time: 04:12:28

Health: -7/182     AC:  2    Str: 22    XL:     23   Next: 46%
Magic:  38/47      EV: 36    Int: 35    God:    Cheibriados [******]
Gold:   2252       SH: 12    Dex: 43    Spells: 6 memorised, 10 levels left

rFire  + + .     SeeInvis +     a - +11 whip of Wrath {elec, +Blink Dex+2}
rCold  . . .     Clarity  .     m - +3 buckler {rF+}
rNeg   . . .     SustAb   +     Y - +0 mask of the Dragon {MR+ Slay+3 SInv}
rPois  .         Gourm    .     R - amulet of regeneration {+regen, !d}
rElec  .         Spirit   .     o - ring of magical power {MP+9}
rCorr  .         Warding  .     D - +6 ring of dexterity
rMut   .         Stasis   .     G - ring of wizardry {Wiz+, !d}
MR     +++..                    Q - +4 ring of slaying
Stlth  +++++++++.               P - ring of sustain abilities {SustAb}
                                E - ring of protection from fire {rF+, !d}
                                W - ring of protection from magic {MR+, !d}
                                S - +5 ring of evasion

@: about to teleport, studying Ice Magic, very slow, extremely resistant to
hostile enchantments, incredibly stealthy
A: almost no armour, amphibious, 8 rings, constrict 8, camouflage 1, see
invisible, shaggy fur 1, gelatinous body 1
a: Bend Time, Temporal Distortion, Slouch, Step From Time, Renounce Religion,
Evoke Blink
}: 2/15 runes: barnacled, gossamer


You were on level 5 of the Depths.
You worshipped Cheibriados.
Cheibriados was exalted by your worship.
You were not hungry.

You visited 9 branches of the dungeon, and saw 50 of its levels.
You also visited: Ice Cave.

You collected 5959 gold pieces.
You spent 3695 gold pieces at shops.

Inventory:

Hand weapons
 a - the +11 whip of Wrath (weapon) {elec, +Blink Dex+2}
   (You found it on level 1 of the Lair of Beasts)

   Occasionally, upon striking a foe, it will discharge some electrical energy
   and cause terrible harm.
   It affects your dexterity (+2).
   It lets you blink.
Missiles
 n - 12 throwing nets {=f, !d}
Armour
 m - a +3 buckler of fire resistance (worn)
   (You took it off a tengu reaver on level 1 of the Depths)
 Y - the +0 mask of the Dragon (worn) {MR+ Slay+3 SInv}
   (You found it on level 3 of the Elven Halls)

   It affects your accuracy and damage with ranged weapons and melee attacks
   (+3).
   It affects your resistance to hostile enchantments.
   It enhances your eyesight.
Magical staves
 b - an uncursed staff of summoning {!a}
   (You found it on level 5 of the Lair of Beasts)
Jewellery
 o - a ring of magical power (left tentacle) {MP+9}
   (You found it on level 2 of the Dungeon)
 x - a cursed ring of teleportation {+/*tele, !d}
   (You found it on level 2 of the Depths)
 D - a +6 ring of dexterity (right tentacle)
   (You found it on level 4 of the Dungeon)
 E - a ring of protection from fire (on tentacle) {rF+, !d}
   (You bought it in a shop on level 12 of the Dungeon)
 G - a ring of wizardry (on tentacle) {Wiz+, !d}
   (You found it on level 4 of the Depths)
 H - the ring of Wishful Thinking {rPois MR- Str+4}
   (You found it on level 3 of the Elven Halls)

   [ring of poison resistance]

   It affects your strength (+4).
   It protects you from poison.
   It affects your resistance to hostile enchantments.
 M - an uncursed ring of protection from fire {rF+, !d}
   (You found it on level 4 of the Lair of Beasts)
 P - a ring of sustain abilities (on tentacle) {SustAb}
   (You found it on level 1 of the Lair of Beasts)
 Q - a +4 ring of slaying (on tentacle)
   (You found it on level 1 of the Shoals)
 R - an amulet of regeneration (around mantle) {+regen, !d}
   (You bought it in a shop on level 4 of the Orcish Mines)
 S - a +5 ring of evasion (on tentacle)
   (You bought it in a shop on level 4 of the Orcish Mines)
 W - a ring of protection from magic (on tentacle) {MR+, !d}
   (You found it on level 8 of the Lair of Beasts)
Magical devices
 e - a wand of teleportation (6)
   (You found it on level 5 of the Depths)
 A - a wand of teleportation (5)
   (You took it off a deep elf mage on level 3 of the Elven Halls)
 J - a wand of digging (7)
   (You found it on level 7 of the Dungeon)
 X - a wand of teleportation (3)
   (You found it on level 10 of the Dungeon)
 Z - a wand of digging (14)
   (You found it on level 2 of the Spider Nest)
Scrolls
 d - 12 scrolls of remove curse
 f - 2 scrolls of enchant weapon
 j - 9 scrolls of amnesia
 l - 9 scrolls of magic mapping {!r}
 r - 2 scrolls of teleportation
 C - 2 scrolls of fog
 F - 4 scrolls of identify
 N - 2 scrolls of recharging
Potions
 h - 7 potions of curing
 k - 6 potions of restore abilities
 p - 2 potions of brilliance
 u - a potion of cancellation
 B - 4 potions of agility
 T - 2 potions of flight
 U - 3 potions of might
Books
 g - a manual of Ice Magic {!d}
   (You found it on level 3 of the Elven Halls)
 y - a Grand Grimoire
   (You found it on level 3 of the Elven Halls)
 z - the Handbook of Companions
   (You found it on level 2 of the Depths)

   Spells                             Type                      Level
   a - Summon Butterflies             Summoning                    1
   b - Call Canine Familiar           Summoning                    3
   c - Summon Lightning Spire         Summoning/Air                4
   d - Summon Mana Viper              Hexes/Summoning              5
   e - Spellforged Servitor           Conjuration/Summoning        7
 I - a book of Unlife
   (You found it on level 6 of the Dungeon)
Miscellaneous
 q - a fan of gales
   (You found it on level 4 of the Depths)
 s - a sack of spiders
   (You found it on level 5 of the Depths)
 v - a plain deck of changes {the Shadow, drawn: 3}
   (You found it on level 2 of the Vaults)
 w - a plain deck of wonders {Wild Magic}
   (You found it on level 1 of the Depths)
 L - a lamp of fire
   (You found it on level 2 of the Shoals)
Comestibles
 c - 26 bread rations {@e1}
 i - 21 meat rations {@e2}
 t - 14 fruits
 K - 6 slices of pizza


   Skills:
 + Level 22.1 Fighting
 - Level 11.1 Maces & Flails
 - Level 12.7 Dodging
 - Level 13.8 Stealth
 - Level 3.4 Shields
 - Level 11.4 Spellcasting
 - Level 21.8 Summonings
 - Level 11.2 Invocations
 - Level 5.6 Evocations


You had 10 spell levels left.
You knew the following spells:

 Your Spells              Type           Power        Failure   Level  Hunger
a - Dragon's Call         Summ           ########..   10%         9    #######
c - Summon Horrible Thin  Summ           ########..   1%          8    #######
e - Shadow Creatures      Summ           N/A          0%          5    None
q - Aura of Abjuration    Summ           ########..   1%          6    ####...
r - Recall                Summ/Tloc      N/A          1%          3    None
A - Ozocubu's Armour      Chrm/Ice       ###.....     4%          3    None


Dungeon Overview and Level Annotations

Branches:
Dungeon (15/15)            Temple (1/1) D:7            Lair (8/8) D:11
 Shoals (5/5) Lair:6       Spider (5/5) Lair:5        Slime (0/6) Lair:8
    Orc (4/4) D:10            Elf (3/3) Orc:3        Vaults (4/5) D:14
  Crypt (0/3) Vaults:2     Depths (5/5) D:15
    Zot: Depths:5

Altars:
Ashenzari
Cheibriados
Dithmenos
Elyvilon
Fedhas
Gozag
Kikubaaqudgha
Makhleb
Nemelex Xobeh
Okawaru
Qazlal
Ru
Sif Muna
Trog
Vehumet
Xom
Yredelemnul
Zin
The Shining One
Beogh
Jiyva

Shops:
D:12 =   Orc:4 (=[*[   Elf:1 !   Shoals:1 :   Vaults:1 (   Vaults:2 [
Vaults:3 !   Depths:4 *

Portals:
Hell: Lair:8 Depths:1 Depths:2 Depths:3 Depths:4 Depths:5
Abyss: Depths:4
Pandemonium: Depths:3
Ziggurat: Depths:4
Trove: D:15 (give 6 scrolls of blinking)

Annotations:
D:3 Grinder
D:15 Roxanne
Lair:8 exclusion: oklob plant
Shoals:3 exclusion: Nikola, Nikola
Elf:2 3 runed doors
Vaults:1 exclusion: lich
Vaults:2 exclusion: Frederick, Frederick
Depths:2 3 runed doors


Innate Abilities, Weirdness & Mutations

You cannot wear most types of armour.
You are amphibious.
You can wear up to eight rings at the same time.
You can use your tentacles to constrict many enemies at once.
Your skin changes colour to match your surroundings (Stealth).
Your rubbery body absorbs attacks (AC +1).
You have supernaturally acute eyesight.
You are covered in fur (AC +1).


Message History

The lich touches you! The lich misses you.
Things that are here:
a dire flail x2 an ettin corpse You take 12 damage, and have 149/182 hp.
You whack the lich! You grab the lich. You squeeze the lich!!
You constrict the lich. The lich completely misses you.
Your sphinx hits the lich but does no damage.
Your sphinx hits the lich.
Your sphinx hits the lich but does no damage.
You whack the lich! You constrict the lich.
Your trapdoor spider bites the lich but does no damage.
Your fire crab bites the lich but does no damage.
Your fire crab barely misses the lich.
You hit the lich. You constrict the lich. You block the lich's attack.
Your trapdoor spider bites the lich!
The lich is destroyed!
Cheibriados appreciates the change of pace.
Cheibriados raises the support of your attributes as your movement slows.
A two-headed ogre comes into view.
Your sphinx dissolves into shadows!
The two-headed ogre changes into a wyvern!
The wyvern completely misses you. You block the wyvern's attack.
You whack the wyvern! You squeeze the wyvern!
Your fire crab changes into an orb spider!
You whack the wyvern!
There is a sudden explosion of sparks!
You kill the wyvern!
Cheibriados thoroughly appreciates the change of pace.
You see here a glowing shapeshifter corpse.
The deep troll earth mage casts a spell next to you.
The metal wall shatters!
The blast of metal fragments hits you!
The deep troll earth mage points next to you and mumbles some strange words.
The metal wall shatters!
The blast of metal fragments hits you!
A yaktaur comes into view.
The yaktaur wields an arbalest.
The yaktaur shoots a bolt.
The bolt misses you.
You hear a splash.
The deep troll earth mage gestures next to you while chanting.
The metal wall shatters!
The blast of metal fragments hits you!
The deep troll earth mage points next to you and mumbles some strange words.
The metal wall shatters!
The blast of metal fragments hits you!
* * * LOW HITPOINT WARNING * * *
The yaktaur captain wields an arbalest.
The yaktaur captain shoots a bolt.
The bolt hits your trapdoor spider!!
A yaktaur captain comes into view. It is wielding an arbalest.
You see here a bolt.
Unknown command.
You take 136 damage, and have 20/182 hp.
MASSIVE DAMAGE!!
Read which item? (? for menu, Esc to quit)
Okay, then.
Drink which item? (? for menu, Esc to quit)
Okay, then.
Read which item? (? for menu, Esc to quit)
Okay, then.
Your orb spider changes into a komodo dragon!
The yaktaur shoots a bolt.
You block the bolt.
The yaktaur captain shoots a bolt.
The bolt completely misses your komodo dragon.
You block the bolt.
You see here 2 bolts.
Read which item? (? for menu, Esc to quit)
Okay, then.
Drink which item? (? for menu, Esc to quit)
Okay, then.
Okay, then.
Read which item? (? for menu, Esc to quit)
As you read the scroll of teleportation, it crumbles to dust.
You feel strangely unstable.
You block the deep troll earth mage's attack.
The deep troll earth mage misses you. The deep troll earth mage claws you.
* * * LOW HITPOINT WARNING * * *
The yaktaur shoots a bolt.
You block the bolt.
The yaktaur captain shoots a bolt.
The bolt hits your trapdoor spider!!
Your trapdoor spider dies!
Your trapdoor spider's corpse dissolves into shadows!
A yaktaur comes into view.
The yaktaur shouts!
A yaktaur comes into view.
You take 6 damage, and have 15/182 hp.
Unknown command.
Unknown command.
Unknown command.
Unknown command.
Unknown command.
Unknown command.
Unknown command.
Drink which item? (? for menu, Esc to quit)
You feel better.
The yaktaur wields an arbalest.
The yaktaur shoots a bolt of flame.
The bolt of flame hits your komodo dragon!
The bolt of flame burns your komodo dragon.
You block the deep troll earth mage's attack.
The deep troll earth mage misses you.
The deep troll earth mage closely misses you.
The deep troll earth mage misses you.
The deep troll earth mage completely misses you. x2
You regained 7 hp, and now have 22/182 hp.
Drink which item? (? for menu, Esc to quit)
You feel better.
The yaktaur captain shoots a bolt.
The bolt hits you!!!
You die...

. ....#.#≈§..##.#####. .
c#...#.#≈≈.)##.......
'.cc#...#.###))(((..##..
#.......'...)()####.##..
##..c#...#......####'###.
.........##'###.......##.
..≈≈.≈≈l(......'.......##' .
#(.T..T.#.......... ###. ..≈#.
#≈@T.##.#.......... .... #..≈..
#≈.'.## #.......... ###.
#.(..####≈....# #.......... .
#...≈≈≈≈≈†....#.#..........
#.#..........#..#.#..........
#.##'...........#.###+.###...
#....'..........#.# #..#.+...
#.........).......###....#...
######.#)....................#...


You could see a yaktaur captain, a deep troll, 2 deep troll earth magi, 3
yaktaurs and a friendly komodo dragon shaped shifter.

Vanquished Creatures
  Saint Roka (Elf:2)
  3 caustic shrikes
  the Enchantress (Depths:1)
  4 liches
  2 deep elf blademasters (Elf:3)
  2 deep elf master archers (Elf:3)
  3 sphinxes
  A tengu reaver (Depths:4)
  2 shadow dragons
  2 storm dragons
  3 frost giants
  7 fire giants
  Donald (D:14)
  An iron dragon (Depths:5)
  8 vault wardens
  5 deep elf sorcerers (Elf:3)
  An orc warlord (Orc:4)
  7 ghost moths
  A balrug (Depths:1)
  5 spriggan defenders
  8 emperor scorpions
  6 ironheart preservers
  14 very ugly things
  14 stone giants
  A vampire knight (Depths:1)
  8 deep elf annihilators
  9 rakshasas
  14 deep elf demonologists
  9 dire elephants
  6 deep elf death magi
  An unborn (Vaults:2)
  2 merfolk javelineers (Shoals:5)
  A minotaur (Depths:2)
  6 merfolk impalers
  14 ettins
  9 fire dragons
  2 vault guards (Vaults:2)
  2 deep elf high priests (Elf:3)
  9 yaktaur captains
  Harold (Lair:3)
  3 ice dragons
  11 centaur warriors
  4 great orbs of eyes
  3 spriggan air magi
  6 hydras
  2 merfolk avatars
  6 tengu warriors
  A catoblepas (Lair:8)
  2 merfolk aquamancers
  A dancing weapon (Elf:2)
  5 deep troll shamans
  8 ogre magi
  A hell hog (Depths:5)
  A death knight (Vaults:2)
  3 deep troll earth magi
  3 orc high priests (Orc:4)
  22 death yaks
  8 spriggan berserkers
  A storm dragon zombie (Depths:3)
  2 hell knights (Depths:3)
  23 deep elf knights
  5 skeletal warriors
  A fire crab (Lair:7)
  A shadow wraith (Vaults:1)
  4 wizards
  A golden dragon zombie (Depths:3)
  An unseen horror (shapeshifter) (Vaults:3)
  2 giant orange brains
  3 sun demons (Depths:1)
  6 ironbrand convokers
  9 deep trolls
  4 unseen horrors
  9 sea snakes
  A flayed ghost (Depths:3)
  11 hill giants
  A large abomination (Depths:4)
  5 deep elf summoners
  A tengu zombie (Depths:2)
  A golden dragon skeleton (Depths:3)
  7 griffons
  3 orb spiders (Spider:5)
  9 orc knights
  4 cyclopes
  17 deep elf conjurers
  A moth of wrath (Spider:2)
  5 orc sorcerers
  5 necromancers
  31 ugly things
  A draconian (shapeshifter) (Vaults:2)
  A sixfirhy (Lair:8)
  A small abomination (Elf:3)
  A salamander (Depths:5)
  A wolf spider (shapeshifter) (Elf:1)
  8 hornets
  An oklob plant (Lair:1)
  A sphinx skeleton (Depths:2)
  A harpy (Shoals:5)
  2 phantasmal warriors
  2 manticores
  11 wolf spiders
  A fire giant skeleton (Depths:2)
  5 centaur zombies
  2 water nymphs
  6 vault sentinels
  Maurice (Orc:4)
  A water nymph (shapeshifter) (D:15)
  9 elephants
  A spriggan zombie (Depths:3)
  3 sirens
  4 torpor snails
  A gargoyle (D:14)
  A smoke demon (Orc:4)
  9 spiny frogs
  2 efreet (D:14)
  3 black mambas
  30 yaktaurs
  An orange demon (Lair:8)
  5 freezing wraiths
  3 blue devils (Lair:8)
  A fire drake (Lair:8)
  6 komodo dragons
  5 tengu conjurers
  6 trolls
  2 demonic crawlers
  21 merfolk
  10 deep elf priests
  14 polar bears (IceCv)
  A wind drake (shapeshifter) (Vaults:1)
  3 wind drakes
  A queen bee (shapeshifter) (Depths:2)
  18 jumping spiders
  A raven (shapeshifter) (Depths:1)
  9 two-headed ogres
  Prince Ribbit (D:5)
  A fire drake (shapeshifter) (Depths:3)
  10 ravens
  35 blink frogs
  3 basilisks
  4 boulder beetles
  A baby alligator (shapeshifter) (D:15)
  8 trapdoor spiders
  13 slime creatures
  3 snapping turtles
  2 fire elementals
  5 water elementals
  15 redbacks
  16 humans (D:14)
  A spriggan skeleton (Depths:2)
  11 tarantellas
  3 vampires
  58 yaks
  A shadow (D:13)
  6 spriggans
  2 tarantellas (shapeshifter)
  A wyvern (shapeshifter) (Depths:5)
  A hippogriff (shapeshifter) (Vaults:1)
  3 wraiths
  31 deep elf magi
  A golden eye (shapeshifter) (D:15)
  4 wyverns
  A yak (shapeshifter) (Depths:3)
  A spriggan (shapeshifter) (Elf:2)
  An elf skeleton (Depths:2)
  8 vampire mosquitoes
  3 wargs
  A hungry ghost (D:14)
  A spatial vortex (Depths:2)
  12 wolves
  9 hippogriffs
  26 deep elf fighters
  8 hell hounds
  20 water moccasins
  46 orc warriors
  6 wasps
  9 porcupines
  17 spiders
  10 ice beasts
  2 phantoms
  3 black bears
  3 sky beasts
  10 boggarts
  2 boring beetles
  6 crocodiles
  25 ogres
  9 centaurs
  3 big kobolds
  20 giant frogs
  A gnoll sergeant (D:6)
  A warg zombie (D:11)
  2 glowing shapeshifter simulacra (Vaults:2)
  4 wights
  A yak zombie (D:10)
  8 scorpions
  29 killer bees
  5 electric eels
  Dowan (D:5)
  11 crimson imps
  3 giant frog zombies
  2 goliath beetles
  5 jellies
  12 hounds
  2 quasits
  An iron imp (Depths:1)
  23 orc priests
  4 centaur skeletons
  A gnoll shaman (D:6)
  A hell rat (Depths:3)
  A giant frog skeleton (D:4)
  12 iguanas
  Natasha (thrice) (D:5)
  22 orc wizards
  A killer bee zombie (D:5)
  7 worker ants
  34 sheep
  Ijyb (D:4)
  A hound skeleton (D:10)
  32 gnolls
  55 river rats
  28 adders
  3 white imps (Depths:1)
  2 giant mites (D:5)
  3 shadow imps
  3 worms
  3 adder skeletons
  2 adder zombies
  An orc zombie (D:11)
  6 oozes (Lair:5)
  149 orcs
  3 bat skeletons
  2 bat zombies
  A giant cockroach (D:7)
  27 goblins
  23 hobgoblins
  24 jackals
  10 quokkas
  3 ball pythons
  A ball python zombie (D:4)
  11 bats
  7 giant geckos
  2 giant gecko skeletons (D:8)
  4 giant newts
  A giant spore (D:13)
  23 kobolds
  A quokka skeleton (D:7)
  14 rats
  16 ballistomycetes
  A bush (Shoals:2)
  2 crawling corpses
  A fungus (Lair:3)
  4 plants
1846 creatures vanquished.

Vanquished Creatures (collateral kills)
  Mara (Elf:3)
  2 golden dragons (Depths:3)
  A tentacled monstrosity (Depths:5)
  A titan (Depths:3)
  2 liches
  A kraken (Shoals:2)
  Rupert (Lair:6)
  2 storm dragons
  2 tengu reavers
  An iron dragon (Depths:3)
  2 fire giants
  Aizul (Depths:3)
  A frost giant (Vaults:1)
  5 emperor scorpions
  A vault warden (Vaults:4)
  2 very ugly things
  A spriggan defender (Depths:2)
  3 ironheart preservers
  A stone giant (Depths:3)
  7 dire elephants
  Azrael (D:15)
  A blizzard demon (Depths:1)
  Snorg (D:15)
  A minotaur (Depths:1)
  3 merfolk javelineers (Shoals:5)
  2 vault guards (Vaults:2)
  A deep elf death mage (Depths:2)
  2 ettins (Depths:3)
  A fire dragon (Depths:2)
  3 merfolk impalers
  A yaktaur captain (Depths:5)
  5 ice dragons
  The ghost of valak23 the Nimble, a powerful DrBe of Trog (IceCv)
  Fannar (Lair:4)
  A spriggan air mage (Depths:4)
  2 hydras
  A merfolk avatar (Shoals:3)
  2 rakshasas
  An alligator snapping turtle (Shoals:4)
  A dancing weapon (Elf:2)
  A centaur warrior (Depths:2)
  A tengu warrior (Depths:1)
  An ogre mage (Depths:2)
  A merfolk aquamancer (Shoals:5)
  13 death yaks
  7 deep troll earth magi
  A hell hog (Depths:5)
  A sun demon (Lair:8)
  A skeletal warrior (D:13)
  4 ice devils (Depths:1)
  An unseen horror (D:10)
  9 deep trolls
  2 sea snakes
  Erolcha (D:10)
  A giant orange brain (Depths:3)
  A sphinx zombie (Depths:3)
  5 harpies (Shoals:2)
  2 ironbrand convokers
  7 wolf spiders
  9 orb spiders
  A wizard (Depths:4)
  5 cyclopes
  23 ugly things
  4 hill giants
  2 hornets
  A lindwurm (shapeshifter) (Depths:1)
  6 manticores
  A siren (Shoals:5)
  2 guardian serpents (shapeshifter) (Depths:3)
  A guardian serpent (Elf:3)
  6 elephants
  A black mamba (Lair:2)
  A stone giant skeleton (Vaults:2)
  An orange demon (Lair:8)
  A torpor snail (Spider:4)
  3 spiny frogs
  3 vault sentinels
  A fire drake (shapeshifter) (Vaults:1)
  An eye of devastation (shapeshifter) (Vaults:3)
  A smoke demon (Depths:1)
  A tengu conjurer (Depths:1)
  3 komodo dragons
  A hellwing (Lair:8)
  A blue devil (Lair:8)
  A yaktaur skeleton (Vaults:2)
  A fire drake (Lair:8)
  2 red devils (Lair:8)
  21 yaktaurs
  4 jumping spiders
  9 merfolk
  5 trolls
  A polar bear (IceCv)
  12 slime creatures
  7 ravens
  2 boulder beetles
  3 two-headed ogres
  A snapping turtle (Shoals:5)
  6 blink frogs
  4 trapdoor spiders
  A vampire (Depths:2)
  3 tarantellas
  3 redbacks
  A deep elf mage (D:8)
  2 spriggans
  A dire elephant simulacrum (Depths:1)
  A hungry ghost (D:7)
  A wraith (D:14)
  4 water elementals
  29 yaks
  A deep elf fighter (Elf:3)
  A human (D:9)
  3 vampire mosquitoes
  6 fire elementals
  3 wargs
  A mottled dragon (D:13)
  4 hippogriffs
  Menkaure (D:4)
  3 insubstantial wisps (Lair:7)
  A wolf (IceCv)
  2 wasps
  4 hell hounds
  5 spiders
  5 ice beasts
  A porcupine (Lair:7)
  5 water moccasins
  2 black bears
  9 orc warriors
  9 ogres
  4 centaurs
  2 phantoms
  2 boring beetles
  A crocodile (Lair:7)
  Sigmund (D:5)
  Duvessa (D:5)
  9 giant frogs
  A gnoll sergeant (D:8)
  A wyvern zombie (D:10)
  A warg zombie (D:11)
  A yak zombie (D:10)
  A wyvern skeleton (D:14)
  5 killer bees
  A scorpion (Spider:1)
  3 wights
  3 electric eels
  4 crimson imps
  13 orc priests
  3 hounds
  A quasit (D:8)
  2 centaur skeletons
  5 jellies
  A centaur zombie (D:4)
  A giant frog skeleton (D:10)
  A gnoll shaman (D:6)
  An iguana (Lair:2)
  7 orc wizards
  3 worker ants
  21 sheep
  A hound zombie (D:8)
  Robin (D:2)
  26 gnolls
  6 adders
  A shadow imp (D:10)
  10 river rats
  3 white imps (Depths:1)
  A worm (D:2)
  6 oozes (Lair:5)
  55 orcs
  A giant cockroach (D:8)
  3 hobgoblins
  10 kobolds
  A quokka (Lair:6)
  2 bats
  2 giant spores (D:10)
  3 goblins
  10 jackals
  2 orc zombies (D:11)
  2 rats
  4 ballistomycetes
  3 crawling corpses
  A fungus (Lair:8)
  2 tentacles (Shoals:2)
657 creatures vanquished.

Vanquished Creatures (others)
  3 tentacled monstrosities
  A quicksilver dragon (Depths:2)
  A fire giant (Vaults:3)
  An emperor scorpion (Depths:1)
  3 ironheart preservers
  A deep elf demonologist (Elf:2)
  2 great orbs of eyes
  3 ettins
  A deep elf high priest (Depths:3)
  2 hydras
  A catoblepas (Depths:3)
  A merfolk aquamancer (Shoals:5)
  2 death yaks
  A deep troll shaman (Depths:1)
  4 centaur warriors
  2 ogre magi
  A giant orange brain (Depths:2)
  2 ironbrand convokers
  2 orc knights
  A deep elf conjurer (Elf:2)
  A deep troll (Vaults:2)
  40 large abominations
  3 hill giants
  A flayed ghost (Depths:5)
  8 harpies
  A wolf spider (Vaults:1)
  2 wizards
  9 ugly things
  3 manticores
  An orb spider (Spider:5)
  A siren (Shoals:3)
  2 water nymphs
  A necromancer (Depths:5)
  2 griffons
  A moth of wrath (Spider:5)
  5 drowned souls
  A black mamba (Lair:8)
  A spiny frog (shapeshifter) (Depths:1)
  2 spiny frogs (Lair:8)
  2 torpor snails
  3 yaktaurs
  2 kobold demonologists (Vaults:2)
  A komodo dragon (Lair:8)
  A fire drake (Lair:8)
  A polar bear (IceCv)
  2 deep elf priests (Elf:2)
  2 freezing wraiths
  2 two-headed ogres
  3 merfolk
  4 jumping spiders
  A fire elemental (Shoals:5)
  A raiju (shapeshifter) (Depths:1)
  3 slime creatures (Vaults:1)
  A basilisk (D:15)
  4 trapdoor spiders (Spider:5)
  A trapdoor spider (shapeshifter) (Depths:5)
  A wyvern (Lair:8)
  3 tarantellas (Spider:5)
  A spriggan (shapeshifter) (Depths:1)
  2 wraiths (D:13)
  4 redbacks
  2 hungry ghosts
  4 deep elf magi
  3 water elementals
  7 yaks
  A vampire (Depths:3)
  7 hippogriffs
  2 deep elf fighters
  2 vampire mosquitoes (Vaults:2)
  6 wolves
  16 wargs
  A mottled dragon (D:15)
  A chimera (D:13)
  A soldier ant (D:14)
  8 spiders (Spider:5)
  An orc warrior (Vaults:1)
  A wasp (Spider:5)
  49 ice beasts
  5 water moccasins
  8 centaurs
  2 boggarts (Depths:2)
  A boring beetle (Lair:8)
  5 ogres
  2 lost souls
  3 crocodiles
  A big kobold (Vaults:2)
  A killer bee (Vaults:2)
  A wyvern skeleton (D:14)
  5 crimson imps
  A giant frog zombie (D:13)
  18 hounds
  A jelly (D:13)
  An iron imp (D:5)
  A wight (D:13)
  3 iguanas
  An orc priest (D:14)
  3 orc wizards
  3 hell rats (Depths:3)
  3 worker ants
  4 sheep
  2 adders
  A river rat (Lair:7)
  2 white imps (D:8)
  3 shadow imps
  18 orcs
  3 goblins
  2 hobgoblins
  3 quokkas
  2 giant spores
  A kobold (Vaults:2)
  2 rats (D:2)
  16 fungi
  31 plants
  30 tentacles (Shoals:2)
  1369 tentacle segments (Shoals:2)
1835 creatures vanquished.

Grand Total: 4338 creatures vanquished

Notes
Turn   | Place    | Note
--------------------------------------------------------------
     0 | D:1      | RobertPalmer, the Octopode Summoner, began the quest for the Orb.
     0 | D:1      | Reached XP level 1. HP: 11/11 MP: 3/3
   508 | D:1      | Reached XP level 2. HP: 13/17 MP: 4/4
   801 | D:1      | HP: 4/17 [rat (1)]
  1016 | D:1      | Learned a level 2 spell: Call Imp
  1087 | D:1      | Reached XP level 3. HP: 21/21 MP: 6/6
  1246 | D:1      | Reached skill level 5 in Summonings
  1561 | D:2      | Noticed Robin
  1818 | D:2      | Killed Robin
  1865 | D:2      | Learned a level 3 spell: Call Canine Familiar
  1894 | D:2      | Reached XP level 4. HP: 18/27 MP: 7/7
  2020 | D:2      | Found a shattered altar of Ashenzari.
  2061 | D:2      | Found a bloodstained altar of Trog.
  2305 | D:2      | Reached skill level 6 in Summonings
  2772 | D:2      | Reached XP level 5. HP: 31/31 MP: 9/9
  2979 | D:3      | Reached skill level 3 in Stealth
  3083 | D:3      | Reached skill level 4 in Stealth
  3584 | D:3      | Noticed Grinder
  4067 | D:4      | Reached skill level 5 in Stealth
  4067 | D:4      | Reached XP level 6. HP: 27/36 MP: 10/10
  4135 | D:4      | Noticed Ijyb
  4138 | D:4      | Killed Ijyb
  4588 | D:4      | Found an iron altar of Okawaru.
  4653 | D:4      | Noticed Menkaure
  4664 | D:4      | Reached skill level 6 in Stealth
  4678 | D:4      | Killed Menkaure
  4678 | D:4      | Reached skill level 7 in Stealth
  5084 | D:4      | Reached XP level 7. HP: 37/41 MP: 12/12
  5090 | D:4      | Learned a level 4 spell: Summon Ice Beast
  5096 | D:4      | Noticed an ogre
  5102 | D:4      | Killed an ogre
  5415 | D:5      | Entered Level 5 of the Dungeon
  5452 | D:5      | Reached skill level 7 in Summonings
  5486 | D:5      | Noticed Natasha
  5490 | D:5      | Killed Natasha
  5515 | D:5      | HP: 9/41 [iguana (14)]
  5742 | D:5      | Identified a scroll of acquirement
  5784 | D:5      | Noticed Sigmund
  5876 | D:5      | Noticed Prince Ribbit
  5955 | D:5      | Killed Prince Ribbit
  5955 | D:5      | Reached skill level 3 in Shields
  5955 | D:5      | Reached XP level 8. HP: 46/46 MP: 13/13
  6027 | D:5      | Noticed Natasha
  6040 | D:5      | Killed Natasha
  6040 | D:5      | Noticed Natasha
  6048 | D:5      | Killed Natasha
  6110 | D:5      | Reached skill level 8 in Summonings
  6771 | D:5      | Noticed Duvessa
  6771 | D:5      | Noticed Dowan
  6791 | D:5      | Killed Duvessa
  6822 | D:5      | Killed Dowan
  7107 | D:5      | Killed Sigmund
  7236 | D:5      | Reached skill level 9 in Summonings
  7652 | D:6      | Found a sparkling altar of Nemelex Xobeh.
  7746 | D:6      | Reached skill level 10 in Summonings
  7746 | D:6      | Reached XP level 9. HP: 51/51 MP: 14/14
  7931 | D:6      | Reached skill level 3 in Spellcasting
  8304 | D:6      | Reached skill level 4 in Spellcasting
  8673 | D:6      | Reached skill level 5 in Spellcasting
  9185 | D:7      | Reached skill level 8 in Stealth
  9271 | D:7      | Found a staircase to the Ecumenical Temple.
  9280 | Temple   | Entered the Ecumenical Temple
  9314 | Temple   | Became a worshipper of Cheibriados the Contemplative
  9442 | D:7      | Found a stormy altar of Qazlal.
  9447 | D:7      | Found a blossoming altar of Fedhas.
  9449 | D:7      | Reached skill level 9 in Stealth
  9876 | D:7      | Reached skill level 10 in Stealth
  9923 | D:7      | Acquired Cheibriados' first power
  9992 | D:7      | Reached skill level 3 in Dodging
 10366 | D:8      | Reached skill level 4 in Dodging
 10366 | D:8      | Reached XP level 10. HP: 52/56 MP: 20/22
 10567 | D:8      | Reached skill level 5 in Dodging
 10894 | D:8      | Found a glowing silver altar of Zin.
 10986 | D:8      | Reached skill level 6 in Dodging
 11136 | D:8      | Noticed a manticore
 11161 | D:8      | Acquired Cheibriados' second power
 11162 | D:8      | Killed a manticore
 11515 | D:8      | Noticed a hill giant
 11521 | D:8      | Killed a hill giant
 11521 | D:8      | Reached skill level 7 in Dodging
 12295 | D:9      | Found an opulent altar of Gozag.
 12379 | D:9      | Acquired Cheibriados' third power
 12603 | D:9      | Reached skill level 11 in Stealth
 12917 | D:10     | Entered Level 10 of the Dungeon
 12948 | D:10     | Reached skill level 1 in Evocations
 13002 | D:10     | Reached skill level 2 in Evocations
 13004 | D:10     | Acquired Cheibriados' fourth power
 13010 | D:10     | Reached skill level 3 in Evocations
 13162 | D:10     | Reached skill level 4 in Evocations
 13255 | D:10     | Reached skill level 5 in Evocations
 13535 | D:10     | Found a roughly hewn altar of Beogh.
 13538 | D:10     | Found a staircase to the Orcish Mines.
 13544 | D:10     | Reached XP level 11. HP: 54/61 MP: 23/23
 13546 | D:10     | Noticed a hill giant
 13559 | D:10     | Killed a hill giant
 13738 | D:10     | Reached skill level 12 in Stealth
 13747 | D:10     | HP: 15/61 [yak zombie[a shadow imp] (9)]
 13996 | D:10     | Noticed Erolcha
 14006 | D:10     | Killed Erolcha
 14346 | D:10     | Killed an unseen horror
 14346 | D:10     | Reached skill level 13 in Stealth
 14925 | D:11     | Found a stormy altar of Qazlal.
 14969 | D:11     | Reached skill level 1 in Invocations
 15175 | D:11     | Reached skill level 2 in Invocations
 15227 | D:11     | Reached skill level 3 in Invocations
 15276 | D:11     | Noticed a hill giant
 15277 | D:11     | Killed a hill giant
 15277 | D:11     | Reached skill level 4 in Invocations
 15281 | D:11     | Found a staircase to the Lair.
 15294 | D:11     | Noticed a hill giant
 15302 | D:11     | Reached skill level 5 in Invocations
 15309 | D:11     | Killed a hill giant
 15565 | D:11     | Reached skill level 6 in Invocations
 16026 | D:11     | Reached skill level 7 in Invocations
 16141 | D:12     | Found Efeuceun's Jewellery Shop.
 16149 | D:12     | Bought the ring of Iwaschita {+Inv Str+3 Stlth+} for 453 gold pieces
 16149 | D:12     | Bought an uncursed ring of protection from fire for 300 gold pieces
 16259 | Lair:1   | Entered Level 1 of the Lair of Beasts
 16561 | Lair:1   | Noticed a four-headed hydra
 16571 | Lair:1   | Killed a four-headed hydra
 16571 | Lair:1   | Reached skill level 8 in Invocations
 16571 | Lair:1   | Reached XP level 12. HP: 66/66 MP: 24/24
 16748 | Lair:1   | Reached skill level 9 in Invocations
 17246 | Lair:1   | Reached skill level 10 in Invocations
 17781 | Lair:1   | Found a bloodstained altar of Trog.
 17810 | Lair:1   | Reached skill level 11 in Invocations
 18182 | Lair:1   | Got an ivory whip
 18183 | Lair:1   | Identified the +11 whip of Wrath {elec, +Blink Dex+2} (You found it on level 1 of the Lair of Beasts)
 18410 | Lair:2   | Reached skill level 1 in Maces & Flails
 18650 | Lair:2   | Noticed an eight-headed hydra
 18668 | Lair:2   | Killed an eight-headed hydra
 18668 | Lair:2   | Reached skill level 2 in Maces & Flails
 19386 | Lair:2   | Noticed a seven-headed hydra
 19390 | Lair:2   | Killed a seven-headed hydra
 19390 | Lair:2   | Reached skill level 3 in Maces & Flails
 19497 | Lair:2   | Reached skill level 4 in Maces & Flails
 19513 | Lair:2   | HP: 16/66 [sheep (9)]
 19898 | Lair:2   | Reached skill level 5 in Maces & Flails
 20224 | Lair:3   | Reached skill level 6 in Maces & Flails
 20249 | Lair:3   | Noticed Harold
 20255 | Lair:3   | Killed Harold
 20255 | Lair:3   | Reached skill level 7 in Maces & Flails
 20259 | Lair:3   | Reached XP level 13. HP: 39/71 MP: 14/27
 20413 | Lair:3   | Noticed a four-headed hydra
 20416 | Lair:3   | Killed a four-headed hydra
 20470 | Lair:3   | Reached skill level 8 in Maces & Flails
 21437 | Lair:4   | Noticed Fannar
 21447 | Lair:4   | Killed Fannar
 21447 | Lair:4   | Reached skill level 9 in Maces & Flails
 22850 | Lair:5   | Reached skill level 10 in Maces & Flails
 22856 | Lair:5   | Found a hole to the Spider Nest.
 23793 | Lair:5   | Reached skill level 11 in Maces & Flails
 24236 | Lair:6   | Found a staircase to the Shoals.
 24245 | Lair:6   | Reached skill level 1 in Fighting
 24377 | Lair:6   | Reached skill level 2 in Fighting
 24459 | Lair:6   | Noticed Rupert
 24489 | Lair:6   | Reached skill level 3 in Fighting
 25083 | Lair:6   | Killed Rupert
 25083 | Lair:6   | Reached skill level 4 in Fighting
 25401 | Lair:7   | Found a frozen archway.
 25449 | IceCv    | Entered an ice cave
 25455 | IceCv    | Reached skill level 5 in Fighting
 25718 | IceCv    | Reached skill level 6 in Fighting
 26074 | IceCv    | Noticed valak23's ghost (powerful DrBe)
 26087 | IceCv    | Learned a level 5 spell: Shadow Creatures
 26220 | IceCv    | Got a polished great mace
 26230 | IceCv    | Got a crystal great mace
 26236 | IceCv    | Identified the +8 great mace "Veiteily" {crush, MR+ Int+7} (You found it in an ice cave)
 26237 | IceCv    | Identified the cursed +1 great mace of Purpose {crush, +Rage MR- Str+2 Int+4 Stlth+} (You found it in an ice cave)
 26265 | IceCv    | Killed valak23's ghost
 26265 | IceCv    | Reached XP level 14. HP: 73/90 MP: 16/28
 26306 | IceCv    | Noticed a frost giant
 26320 | IceCv    | HP: 22/90 [polar bear (18)]
 26345 | IceCv    | Reached skill level 7 in Fighting
 27075 | Lair:7   | Reached skill level 8 in Fighting
 27401 | Lair:7   | Reached skill level 9 in Fighting
 28322 | Lair:8   | Entered Level 8 of the Lair of Beasts
 28328 | Lair:8   | Reached skill level 10 in Fighting
 28337 | Lair:8   | Found a staircase to the Slime Pits.
 28337 | Lair:8   | Found a viscous altar of Jiyva.
 29245 | Lair:8   | Reached skill level 11 in Fighting
 30073 | Lair:8   | Reached skill level 12 in Fighting
 30135 | Lair:8   | Found a burning altar of Makhleb.
 30215 | Lair:8   | Reached XP level 15. HP: 67/109 MP: 4/29
 30327 | Lair:8   | Found a gateway to Hell.
 30348 | Lair:8   | Identified a +4 rod of clouds (10/10) (You found it on level 8 of the Lair of Beasts)
 30880 | Lair:6   | Reached skill level 13 in Fighting
 31745 | D:13     | Reached skill level 8 in Dodging
 32373 | D:13     | Reached skill level 9 in Dodging
 32811 | D:13     | Reached skill level 6 in Spellcasting
 32897 | D:13     | Noticed a sphinx
 32899 | D:13     | Killed a sphinx
 33320 | D:14     | Reached skill level 7 in Spellcasting
 33949 | D:14     | Noticed Donald
 33964 | D:14     | Killed Donald
 33969 | D:14     | Reached skill level 8 in Spellcasting
 34015 | D:14     | Found a gate to the Vaults.
 34288 | D:14     | HP: 20/110 [something (9)]
 34489 | D:14     | Gained mutation: You have supernaturally acute eyesight. [potion of beneficial mutation]
 34490 | D:14     | Gained mutation: You possess an exceptional clarity of mind. [potion of beneficial mutation]
 34525 | D:14     | Reached skill level 9 in Spellcasting
 35067 | D:14     | Reached skill level 10 in Spellcasting
 35118 | D:15     | Entered Level 15 of the Dungeon
 35118 | D:15     | Found a portal to a secret trove of treasure.
 35129 | D:15     | Reached XP level 16. HP: 117/117 MP: 32/33
 35359 | D:15     | Noticed Azrael
 35385 | D:15     | Killed Azrael
 35534 | D:15     | Noticed Roxanne
 35583 | D:15     | Reached skill level 11 in Spellcasting
 35587 | D:15     | Found a staircase to the Depths.
 35726 | D:15     | Noticed Snorg
 35761 | D:15     | Killed Snorg
 36368 | Shoals:1 | Entered Level 1 of the Shoals
 36487 | Shoals:1 | Found Stej's Book Boutique.
 36508 | Shoals:1 | Bought Jeotim's Handbook of Sinister Creation for 1330 gold pieces
 36518 | Shoals:1 | Learned a level 9 spell: Dragon's Call
 37589 | Shoals:2 | Noticed a kraken
 37870 | Shoals:2 | Killed a kraken
 37870 | Shoals:2 | Reached skill level 11 in Summonings
 38167 | Shoals:3 | Noticed Nikola
 38297 | Shoals:3 | HP: 28/117 [merfolk/tomahawk (3)]
 38302 | Shoals:3 | HP: 28/117 [poisoned by a sea snake]
 38708 | Shoals:5 | Entered Level 5 of the Shoals
 38908 | Shoals:5 | Identified Sif Muna's Collected Works on Assistive Translocation (You found it on level 5 of the Shoals)
 39041 | Shoals:5 | Reached skill level 12 in Summonings
 39223 | Shoals:5 | HP: 17/117 [alligator snapping turtle (23)]
 39237 | Shoals:5 | Gained mutation: Space occasionally distorts in your vicinity. [mutagenic glow]
 40277 | Shoals:3 | HP: 19/117 [wind drake/the air (20)]
 40497 | Shoals:3 | Reached skill level 10 in Dodging
 40517 | Shoals:3 | HP: 18/117 [merfolk javelineer/javelin (20)]
 41807 | Shoals:5 | Reached skill level 11 in Dodging
 41885 | Shoals:5 | Got a barnacled rune of Zot
 41890 | Shoals:5 | Learned a level 3 spell: Ozocubu's Armour
 41966 | Shoals:3 | Reached XP level 17. HP: 91/122 MP: 35/35
 42502 | Orc:1    | Entered Level 1 of the Orcish Mines
 43255 | Orc:3    | Found a staircase to the Elven Halls.
 43333 | Orc:4    | Entered Level 4 of the Orcish Mines
 43421 | Orc:4    | Found Ghaad's Antique Armour Shoppe.
 43570 | Orc:4    | Noticed Maurice
 43576 | Orc:4    | Killed Maurice
 44498 | Orc:4    | Reached skill level 13 in Summonings
 44653 | Orc:4    | Found Tigihum's Antique Armour Shoppe.
 44654 | Orc:4    | Found Liumaomp's Antique Weapon Emporium.
 44656 | Orc:4    | Found Thruw's General Store.
 44656 | Orc:4    | Found Muuf's Jewellery Shoppe.
 44717 | Orc:4    | Bought an uncursed amulet of regeneration for 360 gold pieces
 44717 | Orc:4    | Bought a +5 ring of evasion for 660 gold pieces
 44751 | Orc:4    | Bought a potion of heal wounds for 70 gold pieces
 44751 | Orc:4    | Bought a scroll of remove curse for 42 gold pieces
 45054 | Vaults:1 | Entered Level 1 of the Vaults
 45582 | Vaults:1 | Found Frigil's Weapon Boutique.
 45582 | Vaults:1 | Noticed a lich
 45607 | Vaults:1 | Noticed an Ice Fiend
 45639 | Vaults:1 | Killed a lich
 45947 | Vaults:1 | Reached skill level 14 in Summonings
 45980 | Vaults:1 | Noticed a lich
 46150 | Vaults:2 | Found Tafoetov's Antique Armour Shoppe.
 46372 | Vaults:2 | Noticed Frederick
 46485 | Vaults:2 | Found a staircase to the Crypt.
 46999 | Vaults:2 | Reached skill level 15 in Summonings
 47007 | Vaults:2 | HP: 30/122 [deep troll[an ironheart preserver] (21)]
 47008 | Vaults:2 | HP: 8/122 [deep troll[an ironheart preserver] (16)]
 47744 | Vaults:2 | Reached XP level 18. HP: 128/128 MP: 25/36
 48280 | Vaults:3 | Reached skill level 14 in Fighting
 48802 | Vaults:3 | Found Getza's Distillery.
 48812 | Vaults:3 | Bought a potion of curing for 45 gold pieces
 48812 | Vaults:3 | Bought a potion of curing for 45 gold pieces
 48812 | Vaults:3 | Bought a potion of curing for 45 gold pieces
 48812 | Vaults:3 | Bought 2 potions of agility for 120 gold pieces
 48812 | Vaults:3 | Bought a potion of curing for 45 gold pieces
 48812 | Vaults:3 | Bought a potion of curing for 45 gold pieces
 48812 | Vaults:3 | Bought a potion of agility for 60 gold pieces
 48812 | Vaults:3 | Bought a potion of restore abilities for 75 gold pieces
 48924 | Vaults:3 | Reached skill level 15 in Fighting
 49016 | Vaults:3 | Gained mutation: One of your tentacles bears a spike. [potion of mutation]
 49016 | Vaults:3 | Gained mutation: You are frail (-10% HP). [potion of mutation]
 49016 | Vaults:3 | Gained mutation: You are partially covered in iridescent scales (AC +4). [potion of mutation]
 49017 | Vaults:3 | Gained mutation: You evolve. [potion of mutation]
 49017 | Vaults:3 | Lost mutation: One of your tentacles bears a spike. [potion of mutation]
 49017 | Vaults:3 | Gained mutation: Your flesh is cold resistant. [potion of mutation]
 49018 | Vaults:3 | Gained mutation: You are covered in fur (AC +1). [potion of mutation]
 49019 | Vaults:3 | Gained mutation: Your body is slowly deteriorating. [potion of mutation]
 49019 | Vaults:3 | Gained mutation: You are very frail (-20% HP). [potion of mutation]
 49020 | Vaults:3 | Lost mutation: You are very frail (-20% HP). [potion of mutation]
 49020 | Vaults:3 | Gained mutation: Your spells are a little easier to cast, but a little less powerful. [potion of mutation]
 49023 | Vaults:3 | Lost mutation: You are frail (-10% HP). [potion of cure mutation]
 49023 | Vaults:3 | Lost mutation: You are partially covered in iridescent scales (AC +4). [potion of cure mutation]
 49023 | Vaults:3 | Lost mutation: Your spells are a little easier to cast, but a little less powerful. [potion of cure mutation]
 49438 | Vaults:3 | Lost mutation: You evolve. [end of evolution]
 49777 | Vaults:4 | Reached skill level 16 in Fighting
 50123 | Vaults:4 | Reached XP level 19. HP: 143/143 MP: 36/36
 51170 | Elf:1    | Entered Level 1 of the Elven Halls
 51206 | Elf:1    | Lost mutation: Your flesh is cold resistant. [potion of cure mutation]
 51206 | Elf:1    | Lost mutation: Your body is slowly deteriorating. [potion of cure mutation]
 51206 | Elf:1    | Lost mutation: You possess an exceptional clarity of mind. [potion of cure mutation]
 51206 | Elf:1    | Lost mutation: Space occasionally distorts in your vicinity. [potion of cure mutation]
 51302 | Elf:1    | Reached skill level 16 in Summonings
 51366 | Elf:1    | Found Weg Inapp's Distillery.
 52069 | Elf:2    | Noticed Saint Roka
 52074 | Elf:2    | Found a runed gate.
 52082 | Elf:2    | Killed Saint Roka
 52088 | Elf:2    | Reached skill level 17 in Summonings
 52266 | Elf:2    | Found a runed gate.
 52270 | Elf:2    | Found a runed gate.
 52615 | Elf:3    | Entered Level 3 of the Elven Halls
 52654 | Elf:3    | Noticed Mara
 52660 | Elf:3    | Noticed RobertPalmer's illusion
 52664 | Elf:3    | HP: 27/143 [Mara (illusionary)/bolt of fire (25)]
 53292 | Elf:3    | Found a shimmering altar of Xom.
 54862 | Elf:3    | Killed Mara
 54923 | Elf:3    | Got a wavering silver ring
 54924 | Elf:3    | Identified the ring of Wishful Thinking {rPois MR- Str+4} (You found it on level 3 of the Elven Halls)
 55013 | Elf:3    | Reached skill level 18 in Summonings
 55539 | Elf:3    | Reached XP level 20. HP: 95/149 MP: 28/37
 55560 | Elf:3    | Reached skill level 19 in Summonings
 55582 | Elf:3    | Got a bloodstained whip
 55583 | Elf:3    | Identified the cursed +3 whip of Gehenna {slash, rC+ Str+2 Dex+3} (You took it off a deep elf high priest on level 3 of the Elven Halls)
 55835 | Elf:3    | Learned a level 6 spell: Aura of Abjuration
 55844 | Elf:3    | Learned a level 8 spell: Summon Horrible Things
 56238 | Spider:1 | Entered Level 1 of the Spider Nest
 56603 | Spider:2 | You fall through a shaft!
 57307 | Spider:5 | Entered Level 5 of the Spider Nest
 57421 | Spider:5 | Reached skill level 20 in Summonings
 58805 | Spider:5 | Got a gossamer rune of Zot
 59443 | Depths:1 | Entered Level 1 of the Depths
 59466 | Depths:1 | Noticed the Enchantress
 59476 | Depths:1 | Killed the Enchantress
 59476 | Depths:1 | Reached skill level 21 in Summonings
 59682 | Depths:1 | HP: 27/149 [deep troll earth mage/blast of rock fragments (42)]
 60122 | Depths:1 | Reached XP level 21. HP: 154/154 MP: 37/37
 60316 | Depths:1 | Upgraded the game from 0.16.0-17-g811c1d7 to 0.16.0-18-g484a79e
 61046 | Depths:1 | Reached skill level 12 in Dodging
 62624 | Depths:2 | Reached skill level 17 in Fighting
 62801 | Depths:2 | Noticed a caustic shrike
 63373 | Depths:2 | Found a runed gate.
 63373 | Depths:2 | Found a runed gate.
 63374 | Depths:2 | Found a runed gate.
 63440 | Depths:2 | HP: 28/157 [yaktaur/silver bolt (30)]
 63450 | Depths:2 | HP: 5/157 [frost giant/bolt of cold (49)]
 63821 | Depths:2 | Found a runed gate.
 63821 | Depths:2 | Found a runed gate.
 64167 | Depths:2 | Found a runed gate.
 64184 | Depths:2 | Killed a caustic shrike
 64186 | Depths:2 | Reached skill level 18 in Fighting
 64209 | Depths:2 | Identified Cigotuvi's Handbook of Evil Secrets
 64214 | Depths:2 | Identified the Handbook of Companions (You found it on level 2 of the Depths)
 64426 | Depths:3 | Reached XP level 22. HP: 136/165 MP: 31/38
 64603 | Depths:3 | Found a one-way gate leading to the halls of Pandemonium.
 65187 | Depths:3 | Noticed Aizul
 65210 | Depths:3 | Killed Aizul
 65443 | Depths:3 | Noticed a caustic shrike
 65458 | Depths:3 | Killed a caustic shrike
 65458 | Depths:3 | Reached skill level 19 in Fighting
 65653 | Depths:3 | Noticed a caustic shrike
 65662 | Depths:3 | Killed a caustic shrike
 66173 | Depths:3 | Found a white marble altar of Elyvilon.
 66494 | Depths:3 | Reached skill level 20 in Fighting
 66522 | Depths:3 | HP: 36/171 [flayed ghost/flay_damage (18)]
 66531 | Depths:3 | HP: 28/171 [shadow dragon/bolt of negative energy (47)]
 67587 | Depths:3 | Noticed a golden dragon
 67602 | Depths:3 | Noticed a golden dragon
 67609 | Depths:3 | Killed a golden dragon
 67630 | Depths:3 | Killed a golden dragon
 67630 | Depths:3 | Reached skill level 21 in Fighting
 67630 | Depths:3 | Reached XP level 23. HP: 58/180 MP: 35/38
 68034 | Depths:4 | Found a gateway to a ziggurat.
 68376 | Depths:4 | Found Kafef's General Store.
 68559 | Depths:4 | Found a one-way gate to the infinite horrors of the Abyss.
 68878 | Depths:4 | Identified Vehumet's Reference Book on Conjuration (You found it on level 4 of the Depths)
 69126 | Depths:5 | Entered Level 5 of the Depths
 69756 | Depths:5 | Learned a level 3 spell: Recall
 69898 | Depths:5 | Reached skill level 22 in Fighting
 70243 | Depths:5 | HP: 20/182 [deep troll earth mage/blast of metal fragments (42)]
 70247 | Depths:5 | Shot with a bolt by a yaktaur captain

Action                   |  1- 3 |  4- 6 |  7- 9 | 10-12 | 13-15 | 16-18 | 19-21 | 22-24 || total
-------------------------+-------+-------+-------+-------+-------+-------+-------+-------++-------
Melee: Short sword       |    41 |       |       |       |       |       |       |       ||    41
       Unarmed           |     6 |       |       |       |       |       |       |       ||     6
       Dagger            |    13 |   111 |   258 |   348 |       |       |       |       ||   730
       Whip              |       |       |       |    70 |   745 |   874 |   859 |   599 ||  3147
 Fire: Blowgun           |       |     3 |    68 |    32 |     3 |       |       |       ||   106
 Cast: Summon Small Mamm |    17 |       |       |       |       |       |       |       ||    17
       Call Imp          |     1 |     2 |    18 |     7 |       |       |       |       ||    28
       Call Canine Famil |       |    16 |    38 |    29 |    13 |     3 |       |       ||    99
       Summon Ice Beast  |       |       |       |   107 |    79 |    19 |     4 |       ||   209
       Shadow Creatures  |       |       |       |       |   140 |   204 |   140 |    55 ||   539
       Ozocubu's Armour  |       |       |       |       |       |    18 |    17 |     4 ||    39
       Dragon's Call     |       |       |       |       |       |       |     3 |       ||     3
       Summon Horrible T |       |       |       |       |       |       |    26 |    18 ||    44
       Aura of Abjuratio |       |       |       |       |       |       |       |     4 ||     4
Invok: Bend Time         |       |       |       |     1 |       |       |       |       ||     1
       Step From Time    |       |       |       |       |     1 |     1 |     1 |       ||     3
       Temporal Distorti |       |       |       |       |       |    10 |     3 |       ||    13
       Slouch            |       |       |       |       |       |     4 |     9 |    10 ||    23
 Abil: Evoke Invisibilit |       |       |       |     9 |       |     3 |       |       ||    12
       Evoke Blink       |       |       |       |       |       |       |     3 |       ||     3
Evoke: Wand              |       |       |    10 |     3 |     1 |     1 |     4 |       ||    19
       Box of beasts     |       |       |       |       |     5 |       |       |       ||     5
       Deck              |       |       |       |       |       |    11 |     2 |       ||    13
       Lamp of fire      |       |       |       |       |       |     2 |     3 |       ||     5
  Use: Scroll            |     4 |     6 |    14 |    15 |    22 |    19 |    15 |    14 ||   109
       Potion            |       |       |     1 |     4 |    12 |    24 |    20 |     5 ||    66
 Stab: Sleeping          |     3 |    11 |    26 |    75 |    63 |    65 |    38 |    22 ||   303
       Distracted        |       |     1 |     8 |     8 |    32 |    27 |    25 |    20 ||   121
       Confused          |       |       |     1 |       |       |     3 |       |       ||     4
       Invisible         |       |       |       |     9 |       |     2 |       |       ||    11
       Fleeing           |       |       |       |       |     1 |       |     1 |       ||     2
       Petrified         |       |       |       |       |       |       |       |     1 ||     1
  Eat: Chunk             |     3 |     6 |    15 |    35 |    57 |    31 |    36 |    26 ||   209
       Beef jerky        |       |     1 |       |       |     3 |     4 |     2 |     1 ||    11
       Meat ration       |       |     1 |       |       |       |       |       |       ||     1
       Bread ration      |       |       |     1 |       |       |     1 |     1 |       ||     3
       Fruit             |       |       |       |     1 |     1 |     1 |     3 |     1 ||     7
       Royal jelly       |       |       |       |       |     3 |       |       |       ||     3
       Pizza             |       |       |       |       |       |       |     7 |     2 ||     9

Vault maps used:
D:1:      elethiomel_arrival_maze, minmay_cupped
D:2:      lemuel_doored_altar, ashenzari_altar_1, uniq_robin
D:3:      minmay_misc_feat_more_columns, kennysheep_generic_room_13,
          uniq_grinder
D:4:      lemuel_coloured_pillars_altar, grunt_tough_drop, uniq_iyjb,
          uniq_menkaure
D:5:      first_bread, minivault_14, uniq_natasha, uniq_duvessa,
          uniq_prince_ribbit1, uniq_sigmund
D:6:      lemuel_castle_with_subvaults, nemelex_xobeh_ov_fountains_minmay
D:7:      black_bear_nest_2, grunt_temple_overflow_forces_of_nature,
          minmay_temple_entry_metal_lava
D:8:      hangedman_cross_stitches, zin_statuary
D:9:      nicolae_gozag_seed_capital, grunt_livestock
D:10:     david_orc_5, uniq_erolcha
D:11:     erik_lair_orcish_takeover, nicolae_qazlal_general_emergency
D:12:     serial_shops, nicolae_shop_stone, minmay_misc_feat_chi
D:13:     kennysheep_just_a_vault
D:14:     david_vaults_3, grunt_decor_fettered, grunt_ministairs_3,
          minmay_misc_feat_rugged
D:15:     gammafunk_enter_depths_forms, enter_trove_0, serial_park_tiny_1,
          uniq_azrael, uniq_snorg, uniq_roxanne
Temple:   triangle_lava_temple_11
Lair:1:   basic_altar, serial_bayou, serial_bayou_pond_b, serial_bayou_pond_b,
          serial_bayou_ford_a, serial_bayou_shore_a, dpeg_stationary_puzzle,
          lemuel_fruit_tree, grunt_megastairs_4
Lair:3:   boulder_dual_corridor_run, uniq_harold
Lair:4:   uniq_fannar
Lair:5:   lemuel_slime, nicolae_spider_entry_tight_spaces, grunt_megastairs_3,
          infiniplex_staircase_pool
Lair:6:   elwin_shoals_entry_rooms, serial_forest, infiniplex_forest_diagonal,
          infiniplex_forest_end_2, infiniplex_forest_lined_room_,
          infiniplex_forest_clump_diagonal, infiniplex_forest_clump_medium,
          infiniplex_forest_straight_4, infiniplex_forest_lined_4_way,
          infiniplex_forest_clump_C, infiniplex_forest_corner_1, uniq_rupert
Lair:7:   portal_ice_cave_entry_ice_beasts, pond, serial_bayou_shore_b
Lair:8:   evil_forest, slime_altar_1, minivault_27
Shoals:1: serial_shops, shop_statue
Shoals:2: yaktaur_hedge, uniq_donald
Shoals:3: st_sunken_huts, uniq_nikola
Shoals:5: shoals_end_simple, shoal_ilsuiw, nicolae_shoals_cliffside_cave
Spider:1: nicolae_spider_hall_of_the_moth_king, nicolae_trapdoor_corridor,
          uniq_louise
Spider:2: uniq_agnes
Spider:5: spider_rune_water
Orc:3:    nicolae_orc_pool_cavern
Orc:4:    st_orc_congregation, serial_shops, shop, uniq_maurice
Elf:1:    serial_shops, shop, hangedman_elf_disciples, st_stairs_4
Elf:2:    uniq_saint_roka, uniq_frances
Elf:3:    grunt_elf_hall_branching, basic_altar, fake_guardian_serpent_vault,
          uniq_mara
Vaults:1: v_pattern_4, hangedman_vaults_hat, nicolae_vaults_halls_meeting,
          v_misc_15, v_misc_19, v_misc_11, dpeg_vaults_monster_box,
          nicolae_vaults_little_squares_6, vaults_dpeg_encased_lava
Vaults:2: vaults_room_semicircle, nicolae_vaults_alarming,
          nicolae_vaults_three_branches, blue_anna_dwarven_crypt,
          nicolae_vaults_little_squares_4, nicolae_vaults_little_ls, v_misc_18,
          serial_shops, shop, uniq_frederick
Vaults:3: grunt_vaults_funnel, ontoclasm_vaults_twist, vaults_room_ringed_pool,
          grunt_vaults_swirl, st_cells, serial_ice_g, v_misc_29,
          nicolae_vaults_little_squares_4, nicolae_vaults_big_angled_halls,
          vaults_room_pools, vaults_room_hallway, vaults_mumra_lcd,
          nicolae_vaults_mini_display_case, v_misc_3,
          ontoclasm_vaults_claustrophobia, v_alt_pattern_5, serial_shops, shop
Vaults:4: vaults_mumra_bighexcomb, v_misc_1, v_misc_25, ontoclasm_vaults_idyll,
          hangedman_vaults_stagger, nicolae_vaults_sealed_display,
          hangedman_vaults_locks, nicolae_vaults_angled_halls, v_misc_5,
          ontoclasm_vaults_fault, ontoclasm_vaults_shuriken,
          vaults_room_grunt_arrival_ludios, v_misc_8
Depths:1: grunt_hell_entry_dis_mu, st_stairs_14, minmay_strange_pillars,
          basic_loot_grate_trap, minmay_misc_feat_tower, minmay_fire_ice_demons,
          uniq_enchantress
Depths:2: kennysheep_treasure_stockpile, hell_entry,
          hangedman_abyss_or_decor_jellyfish_corner, minivault_1,
          corexii_hall_statues_l, minmay_staircase_bubble
Depths:3: hangedman_box_tower, kennysheep_flooded_box, serial_co_window_serial,
          co_window_paths_b, co_window_of_opportunity_a, co_window_corner_a,
          co_window_paths_b, co_window_paths_b, co_window_paths_a,
          co_window_corner_b, co_window_corner_b, co_window_2corner,
          co_window_corner_b, co_window_corner_ca, co_window_broadway_b,
          glass_columns_b, hell_entry, pan_entry, uniq_aizul
Depths:4: cheibrodos_lost_city_excavation, enter_ziggurat_b, hell_entry,
          abyss_entry, serial_shops,
          nicolae_shop_temple_entry_statues_fountains, minmay_curled_crystal,
          serial_bayou_shore_b, infiniplex_staircase_pillars_2,
          serial_bayou_shore_b
Depths:5: grunt_zot_entry_funnels, grunt_hell_horde, wad_floor_pattern_2,
          minmay_misc_feat_nine_boxes
IceCv:    ice_cave_small_giant

Table legend:
 A = Turns spent in this place as a percentage of turns spent in the entire game.
 B = Non-inter-level travel turns spent in this place as a percentage of non-inter-level travel turns spent in the entire game.
 C = Inter-level travel turns spent in this place as a percentage of turns spent in this place.
 D = Turns resting spent in this place as a percentage of non-inter-level travel turns spent in this place.
 E = Turns spent auto-exploring this place as a percentage of non-inter-level travel turns spent in this place.
 F = Non-inter-level travel turns spent in this place divided by the number of levels of this place that you've seen.
                   A       B       C       D       E      F
               +-------+-------+-------+-------+-------+----------------------
         Total | 100.0 | 100.0 |   0.4 |   2.9 |   4.3 | 557.3
       Dungeon |  29.7 |  29.7 |   0.5 |   2.2 |   6.2 | 562.6
        Temple |   0.2 |   0.2 |   0.0 |   0.0 |   0.0 |  44.0
          Lair |  16.1 |  16.1 |   0.5 |   3.1 |   5.3 | 571.4
        Shoals |   7.1 |   7.1 |   0.3 |   5.2 |   1.5 | 402.8
   Spider Nest |   4.6 |   4.6 |   0.5 |   3.2 |   2.3 | 263.6
  Orcish Mines |   4.6 |   4.6 |   0.7 |   1.5 |   8.2 | 325.0
   Elven Halls |   6.8 |   6.8 |   0.5 |   3.1 |   4.2 | 645.7
        Vaults |   9.0 |   9.0 |   0.5 |   2.3 |   4.1 | 636.8
        Depths |  20.1 |  20.2 |   0.1 |   3.1 |   1.7 | 1146.8
      Ice Cave |   1.8 |   1.8 |   0.0 |   4.1 |   2.7 | 516.0
               +-------+-------+-------+-------+-------+----------------------

Table legend:
 A = Kills in this place as a percentage of kills in entire the game.
 B = Kills by you in this place as a percentage of kills by you in the entire game.
 C = Kills by friends in this place as a percentage of kills by friends in the entire game.
 D = Other kills in this place as a percentage of other kills in the entire game.
 E = Experience gained in this place as a percentage of experience gained in the entire game.
 F = Experience gained in this place divided by the number of levels of this place that you have seen.
                   A       B       C       D       E      F
               +-------+-------+-------+-------+-------+----------------------
         Total | 100.0 | 100.0 | 100.0 | 100.0 | 100.0 | 14984.6
       Dungeon |  29.8 |  29.4 |  31.3 |   0.0 |   9.3 | 4752.7
          Lair |  18.3 |  18.2 |  18.8 |   0.0 |   9.2 | 8771.1
        Shoals |   4.3 |   3.7 |   6.0 |   0.0 |   5.5 | 8480.8
   Spider Nest |   5.6 |   5.2 |   6.4 |  25.0 |   6.2 | 9491.6
  Orcish Mines |   8.9 |  10.0 |   5.6 |  25.0 |   2.2 | 4109.0
   Elven Halls |   6.3 |   8.1 |   1.4 |   0.0 |  13.1 | 33303.3
        Vaults |   8.3 |   8.7 |   6.8 |  25.0 |  15.1 | 28847.2
        Depths |  17.1 |  15.1 |  22.9 |  25.0 |  38.4 | 58754.0
      Ice Cave |   1.4 |   1.6 |   0.8 |   0.0 |   1.0 | 7387.0
               +-------+-------+-------+-------+-------+----------------------
